 Dungeon Crawl Stone Soup version 0.29.1-15-g9cfb28693d (webtiles) character file.

Game seed: 15831458427963014915

65 Carnifexus the Trooper (level 3, -3/29 HPs)
             Began as a Demonspawn Fighter on Mar 23, 2023.
             Slain by nroviw's ghost (7 damage)
             ... on level 3 of the Dungeon.
             The game lasted 00:05:16 (3271 turns).

Carnifexus the Trooper (Demonspawn Fighter)         Turns: 3271, Time: 00:05:17

Health: -3/29      AC:  9    Str: 18    XL:     3   Next: 92%
Magic:  0/3        EV:  8    Int:  9    God:
Gold:   119        SH:  8    Dex: 12    Spells: 2/2 levels left

rFire   . . .      SeeInvis +   a - +0 long sword
rCold   . . .      Faith    .   j - +0 kite shield
rNeg    . . .      Spirit   +   b - +0 scale mail
rPois   .          Reflect  .   p - +0 helmet {SInv}
rElec   .          Harm     .   (no cloak)
rCorr   .          Rampage  .   (no gloves)
Will    .....                   q - +0 pair of boots
Stlth   ..........              m - amulet of guardian spirit
HPRegen 0.09/turn               (no ring)
MPRegen 0.08/turn               (no ring)

@: mighty
A: foul stench 1, powered by death 1
a: no special abilities


You were on level 3 of the Dungeon.
You visited 1 branch of the dungeon, and saw 3 of its levels.

You collected 119 gold pieces.

Inventory:

Hand Weapons
 a - a +0 long sword (weapon)
Armour
 b - a +0 scale mail (worn)
 c - a +0 buckler
 j - a +0 kite shield (worn)
 p - a +0 helmet of see invisible (worn)
 q - a +0 pair of boots (worn)
Jewellery
 m - an amulet of guardian spirit (around neck)
Scrolls
 g - a scroll of teleportation
 h - a scroll of silence
 l - a scroll of identify
 o - a scroll of enchant weapon {unknown}
 r - a scroll of immolation {unknown}
Potions
 d - 2 potions of might
 e - 2 potions of lignification {unknown}
 f - 2 potions of berserk rage
 i - 3 potions of curing {unknown}
 k - 3 potions of haste {unknown}
 n - a potion of flight {unknown}
 s - a potion of heal wounds {unknown}


   Skills:
 + Level 3.3 Fighting
 + Level 2.8 Long Blades
 + Level 3.0 Armour
 + Level 0.6 Dodging
 + Level 3.0 Shields


You had 2 spell levels left.
You didn't know any spells.
Your spell library was empty.

Dungeon Overview and Level Annotations

Branches:
Dungeon (3/15)

Altars:
Dithmenos

Shops:
D:2 (

Annotations:
D:3 nroviw's ghost, amateur HOFi


Innate Abilities, Weirdness & Mutations

You may rarely emit foul miasma when damaged in melee.
You regenerate a little health from kills.


Message History

The white imp summons a swarm of flies.
You block the white imp's attack.
You slash nroviw's ghost!
Nroviw's ghost is moderately damaged.
The white imp gestures at you. The puff of frost hits you.
Nroviw's ghost completely misses you.
You closely miss nroviw's ghost.
Nroviw's ghost is moderately damaged.
You block nroviw's ghost's attack. You block the white imp's attack.
The small abomination closely misses you.
Nroviw's ghost closely misses you. The small abomination hits you.
You slash nroviw's ghost!
Nroviw's ghost is heavily damaged.
You block the small abomination's attack.
You block nroviw's ghost's attack.
You barely miss nroviw's ghost.
Nroviw's ghost is heavily damaged.
You block the small abomination's attack.
The crimson imp shouts, "Get thee gone, thou baffled flap-mouthed pissant!"
You block the crimson imp's attack.
Nroviw's ghost hits you but does no damage.
The small abomination hits you but does no damage.
The crimson imp hits you but does no damage.
Nroviw's ghost hits you!
You barely miss nroviw's ghost.
Nroviw's ghost is heavily damaged.
The small abomination barely misses you.
The small abomination closely misses you.
The crimson imp hits you.
You emit a cloud of foul miasma!
Nroviw's ghost hits you.
You slash nroviw's ghost!
Nroviw's ghost is severely damaged.
The small abomination barely misses you.
The crimson imp barely misses you.
Nroviw's ghost hits you but does no damage.
The small abomination hits you!
* * * LOW HITPOINT WARNING * * *
You emit a cloud of foul miasma!
The crimson imp blinks!
Nroviw's ghost hits you!
You die...

.... ##...##
#. ##
#..##....#
#. 5
#..#©....#
#. .
#.?###...# .
#. ##
##....# .
##.# #
#..#....
##...# .#
#..####.
#....§###..#
#..#
#.(5W@©#J.#
...#
####x.##..#
..# #### ..#
... ... ?. #


You could see a small abomination, nroviw's ghost, a crimson imp, a white imp
and an endoplasm.

Vanquished Creatures
  An adder (D:2)
  3 worms (D:2)
  2 ball pythons
  4 giant cockroaches (D:1)
  3 goblins
  6 hobgoblins
  3 jackals (D:1)
  5 quokkas
  A bat (D:2)
  3 frilled lizards (D:1)
  5 kobolds
  6 rats
42 creatures vanquished.

Notes
Turn   | Place    | Note
-------+----------+-------------------------------------------
     0 | D:1      | Carnifexus the Demonspawn Fighter began the quest for the
                  | Orb.
     0 | D:1      | Reached XP level 1. HP: 18/18 MP: 1/1
   318 | D:1      | Gained mutation: You may rarely emit foul miasma when
                  | damaged in melee. [demonic ancestry]
   318 | D:1      | Reached XP level 2. HP: 11/24 MP: 2/2
  1455 | D:1      | Found a faded altar of an unknown god.
  1679 | D:2      | Gained mutation: You regenerate a little health from kills.
                  | [demonic ancestry]
  1679 | D:2      | Reached XP level 3. HP: 29/29 MP: 3/3
  1768 | D:2      | Found Vas Gyrghoj's Weapon Emporium.
  1987 | D:2      | Found a shadowy altar of Dithmenos.
  3252 | D:3      | Found a transporter.
  3261 | D:3      | Noticed nroviw's ghost (amateur HOFi)
  3262 | D:3      | Noticed a small abomination
  3271 | D:3      | Slain by nroviw's ghost

Illustrated notes

Levels and vault maps discovered:
D:1:      onia_arrival_handbag, layout_basic,
          hellmonk_ecumenical_altar_defaced_shrine, minivault_26,
          chequers_serial_rivers_room_b
D:2:      layout_basic, serial_shops, shop_fountains, basic_altar, minivault_11
D:3:      layout_loops_corners, mainiacjoe_overflow_alcove_4,
          gammafunk_ghost_abyssal_escape

Skill      XL: |  1  2 |
---------------+-------+-----
Long Blades    | 2 |  2.8
Armour         | 3 |  3.0
Shields        | 3 |  3.0
Fighting       | |  3.3
Dodging        | |  0.6

Action                   || total
-------------------------++-------
Melee: Long sword        ||   146
  Use: Scroll            ||     4
       Potion            ||     1
Armor: Scale mail        ||   102
Dodge: Dodged            ||    75
Block: Buckler           ||    29
       Kite shield       ||    31
